 Dungeon Crawl Stone Soup version 0.28.0-53-g5a82cb258f (webtiles) character file.

Game seed: 5852605964500978071

294 MiltankisOP the Changer (level 6, 0/47 HPs)
             Began as a Draconian Transmuter on June 13, 2022.
             Was a Priest of Vehumet.
             Succumbed to an adder's poison
             ... in a sewer.
             The game lasted 00:07:53 (3834 turns).

MiltankisOP the Changer (Draconian Transmuter)      Turns: 3834, Time: 00:07:54

Health: 0/47       AC:  6    Str: 12    XL:     6   Next: 11%
Magic:  9/9        EV: 12    Int: 15    God:    Vehumet [***...]
Gold:   170        SH:  0    Dex: 12    Spells: 6/9 levels left

rFire   . . .      SeeInvis .   j - +2 dagger (protect)
rCold   . . .      Faith    .   (no shield)
rNeg    . . .      Spirit   .   (armour unavailable)
rPois   .          Reflect  .   (helmet currently unavailable)
rElec   .          Harm     .   (no cloak)
rCorr   .          Rampage  .   (no gloves)
Will    .....                   (boots currently unavailable)
Stlth   +.........              (no amulet)
HPRegen 0.15/turn               (no ring)
MPRegen 0.11/turn               (no ring)

@: lethally poisoned (0 -> -1), appendages, very slow
A: horns 2, talons 2, AC +6, unfitting armour, cold-blooded
a: End Transformation, Renounce Religion


You were in a sewer.
You worshipped Vehumet.
Vehumet was most pleased with you.
You had temporarily grown beastly horns and talons.
You visited 1 branch of the dungeon, and saw 5 of its levels.
You also visited: Sewer.

You collected 170 gold pieces.

Inventory:

Hand Weapons
 j - a +2 dagger of protection (weapon)
Armour
 k - a +0 pair of boots (melded)
Scrolls
 d - 3 scrolls of identify {unknown}
 e - a scroll of teleportation {unknown}
 g - a scroll of torment {unknown}
 i - a scroll of holy word {unknown}
Potions
 a - a potion of attraction {unknown}
 b - 2 potions of heal wounds {unknown}
 c - a potion of might {unknown}
 f - 2 potions of lignification {unknown}
 h - a potion of brilliance {unknown}
 l - 4 potions of curing {unknown}


   Skills:
 - Level 1.2 Fighting
 - Level 1.8 Dodging
 - Level 3.0 Unarmed Combat
 - Level 2.0 Spellcasting
 + Level 6.4 Transmutations


You had 6 spell levels left.
You knew the following spells:

 Your Spells              Type           Power      Damage    Failure   Level
a - Beastly Appendage     Tmut           40%        N/A       1%          1
b - Wereblood             Tmut           20%        N/A       2%          2

Your spell library contained the following spells:

 Spells                   Type           Power      Damage    Failure   Level
 Ignite Poison            Fire/Tmut/Pois 7%         N/A       8%          3
 Sting                    Tmut/Pois      44%        1d5       6%          1
 Poisonous Vapours        Pois/Air       2%         N/A       9%          2
 Spider Form              Tmut/Pois      11%        N/A       19%         3
 Sublimation of Blood     Necr           1%         N/A       32%         2
 Olgreb's Toxic Radiance  Pois           1%         N/A       45%         4
 Ice Form                 Ice/Tmut       11%        N/A       52%         4
 Summon Hydra             Summ           0%         N/A       100%        7


Dungeon Overview and Level Annotations

Branches:
Dungeon (4/15)              Sewer (1/1)
 Temple: D:4-7

Altars:
Ru
Trog
Vehumet


Innate Abilities, Weirdness & Mutations

You have temporarily grown beastly horns and talons.
Your plain brown scales are hard. (AC +6)
You cannot fit into any form of body armour.
You are cold-blooded and may be slowed by cold attacks.


Message History

The adder is moderately wounded.
You feel sick. The adder bites you but does no damage.
You barely miss the adder. Your headbutt misses the adder.
Your tail-slap misses the adder.
The adder is moderately wounded.
You feel sick. The adder bites you but does no damage.
You hit the adder.
The adder is heavily wounded.
You feel sick. The adder bites you but does no damage.
The adder barely misses you.
Your unstable footing causes you to fumble your attack.
You feel sick. The adder bites you.
* * * LOW HITPOINT WARNING * * *
You barely miss the adder. Your kick misses the adder.
The adder is heavily wounded.
You feel sick. The adder bites you.
* * * LOW HITPOINT WARNING * * *
You are more poisoned.
The adder poisons you!
Your unstable footing causes you to fumble your attack.
You feel sick. The adder closely misses you.
You miss the adder. Your kick misses the adder.
The adder is heavily wounded.
You feel sick. The adder barely misses you. The adder misses you.
Your unstable footing causes you to fumble your attack.
You feel sick. The adder barely misses you.
Your unstable footing causes you to fumble your attack.
You feel sick. The adder barely misses you.
You closely miss the adder. Your kick misses the adder.
The adder is moderately wounded.
You feel sick. The adder closely misses you.
The adder bites you but does no damage.
You closely miss the adder. You headbutt the adder.
The adder is severely wounded.
You feel sick. The adder bites you.
* * * LOW HITPOINT WARNING * * *
You closely miss the adder. You claw the adder.
You kill the adder!
Vehumet accepts your kill.
You die...

#≈≈...#
#..≈≈≈#
#≈†≈≈.#
#≈†#≈.#
#≈≈#≈≈#
##≈#≈.#
#≈#≈≈#
#≈#≈≈#
#@#≈≈#
###≈#≈≈#
#≈lS#≈.#
#≈≈##.##
##≈≈#≈.#
#≈≈≈#.†#
#≈.##..#
#≈≈≈#≈.##
#.≈≈≈#≈≈#


You could see a ball python and a frilled lizard.

Vanquished Creatures
  An ice beast (D:3)
  An orc wizard (D:3)
  8 adders
  2 river rats (D:6)
  An ufetubus (D:4)
  A dart slug (D:2)
  5 orcs
  12 ball pythons
  7 bats
  7 endoplasms
  3 giant cockroaches
  6 goblins
  5 hobgoblins
  4 jackals (D:1)
  7 kobolds
  8 quokkas
  3 frilled lizards
  4 rats
85 creatures vanquished.

Notes
Turn   | Place    | Note
-------+----------+-------------------------------------------
     0 | D:1      | MiltankisOP the Draconian Transmuter began the quest for
                  | the Orb.
     0 | D:1      | Reached XP level 1. HP: 16/16 MP: 3/3
   270 | D:1      | Reached XP level 2. HP: 19/23 MP: 3/5
   546 | D:1      | Found a faded altar of an unknown god.
   561 | D:1      | Reached skill level 3 in Transmutations
   566 | D:1      | Prayed at the altar of an unknown god.
   566 | D:1      | Became a worshipper of Vehumet
   566 | D:1      | Reached * piety under Vehumet
   566 | D:1      | Offered knowledge of Sandblast by Vehumet.
  1489 | D:2      | Reached XP level 3. HP: 17/28 MP: 4/6
  1860 | D:2      | Reached skill level 4 in Transmutations
  2004 | D:2      | Identified the +1 robe of the Heron {rF+}
  2044 | D:3      | Reached ** piety under Vehumet
  2044 | D:3      | Offered knowledge of Searing Ray by Vehumet.
  2235 | D:3      | Reached XP level 4. HP: 31/35 MP: 7/7
  2274 | D:3      | Noticed an ice beast
  2376 | D:3      | Found a bloodstained altar of Trog.
  2392 | D:3      | Found a sacrificial altar of Ru.
  2490 | D:3      | Killed an ice beast
  2491 | D:3      | Reached skill level 5 in Transmutations
  2491 | D:3      | Reached XP level 5. HP: 8/40 MP: 8/8
  2789 | D:3      | Offered knowledge of Ignite Poison by Vehumet.
  2898 | D:3      | Reached skill level 6 in Transmutations
  3002 | D:3      | Identified the +2 great mace "Jaepp" {vorpal, Will++ rCorr
                  | Int-4 Dex+3}
  3301 | D:4      | Found a radiant altar of Vehumet.
  3578 | D:4      | You fall into a shaft and drop 2 floors!
  3618 | D:6      | Learned a level 2 spell: Wereblood
  3671 | D:6      | Reached XP level 6. HP: 45/47 MP: 9/9
  3690 | D:6      | Reached *** piety under Vehumet
  3694 | D:6      | Found a glowing drain.
  3699 | Sewer    | Entered a sewer
  3833 | Sewer    | HP: 1/47 [adder (3)]
  3834 | Sewer    | Succumbed to an adder's poison

Illustrated notes

Levels and vault maps discovered:
D:1:      co_arrival_random_square_maze, layout_rooms,
          shapermc_ecumenical_altar_mp_highgroup, st_stairs_9
D:2:      layout_rooms, guppyfry_early_orc_mine
D:3:      layout_basic, mainiacjoe_overflow_alcove_1,
          mainiacjoe_overflow_surrounded_room
D:4:      black_bear_nest_2, layout_loops_cross, vehumet_crystals,
          lemuel_coloured_pillars_altar
D:6:      layout_basic, minitemple, lightli_sewer_entry_pipes,
          uniq_crazy_yiuf_cottage, uniq_pikel
Sewer:    sewer_frog_island_02

Skill      XL: |  1  2  3  4  5 |
---------------+----------------+-----
Transmutations | 3 4 5 6 |  6.4
Fighting       | |  1.2
Dodging        | |  1.8
Unarmed Combat | |  3.0
Spellcasting   | |  2.0

Action                   |  1- 3 |  4- 6 || total
-------------------------+-------+-------++-------
Melee: Unarmed           |   135 |     6 ||   141
       Kick              |    24 |    29 ||    53
       Headbutt          |    20 |    12 ||    32
       Tailslap          |    16 |    10 ||    26
       Punch             |     2 |       ||     2
       Dagger            |       |   154 ||   154
 Cast: Beastly Appendage |    29 |    20 ||    49
 Stab: Sleeping          |       |     1 ||     1
Armor: Skin              |    33 |    74 ||   107
Dodge: Dodged            |    88 |   115 ||   203
